 Dungeon Crawl Stone Soup version 0.32-a0-870-g877066f4b4 (webtiles) character file.

Game seed: 18252110987370002181

53894 BuckBreaker the Warrior (level 15, -17/129 HPs)
             Began as a Formicid Fighter on Mar 29, 2024.
             Was the Champion of Zin.
             Demolished by an ettin
             ... wielding a +3 heavy dire flail
              (25 damage)
             ... on level 1 of the Orcish Mines.
             The game lasted 00:48:10 (22967 turns).

BuckBreaker the Warrior (Formicid Fighter)         Turns: 22967, Time: 00:48:12

Health: -17/129    AC:  9    Str: 31    XL:     15   Next: 11%
Magic:  21/21      EV: 23    Int:  7    God:    Zin [******]
Gold:   764        SH:  5    Dex: 13    Spells: 14/14 levels left

rFire   + + .        X - +7 great mace "Firestarter" {flame, immolate, rFlCloud rF++}
rCold   + . .        c - +0 buckler
rNeg    + + .        g - +0 troll leather armour
rPois   .            (helmet unavailable)
rElec   .            y - +1 cloak of Starlight {*Dazzle EV+4 Stlth--}
rCorr   .            f - +0 pair of gloves
SInv    +            Q - -1 pair of boots "Faesho Cexe" {rN++ Str+2}
Will    +....        b - amulet of regeneration Stlth
                     j - +5 ring of evasion
HPRegen 2.01/turn    t - ring of protection from cold
MPRegen 0.17/turn

%: no passive effects
@: studying Fighting
A: permanent stasis, dig shafts and tunnels, antennae 3, four strong arms
a: Dig, Shaft Self, Renounce Religion, Recite, Vitalisation, Imprison,
Sanctuary, Donate Gold


You were on level 1 of the Orcish Mines.
You worshipped Zin.
Zin was exalted by your worship.
You visited 4 branches of the dungeon, and saw 20 of its levels.
You also visited: Ossuary, Gauntlet and Ice Cave.

You collected 1695 gold pieces.
You spent 783 gold pieces at shops.
You donated 148 gold pieces to Zin.

Inventory:

Hand Weapons
 X - the +7 great mace "Firestarter" (weapon) {flame, immolate, rFlCloud rF++}
   (You bought it in a shop on level 5 of the Dungeon)

   rFlCloud:  It grants immunity to clouds of flame.
   rF++:      It greatly protects you from fire.
Missiles
 i - 31 poisoned darts (quivered)
 l - 17 javelins
 q - 2 throwing nets
Armour
 c - a +0 buckler (worn)
 f - a +0 pair of gloves (worn)
 g - a +0 troll leather armour (worn)
 y - the +1 cloak of Starlight (worn) {*Dazzle EV+4 Stlth--}
   (You found it in a Gauntlet)

   *Dazzle:   It may blind those who miss an attack against the wearer in melee
   combat.
   EV+4:      It affects your evasion (+4).
   Stlth--:   It makes you much less stealthy.
 I - +0 steam dragon scales
 Q - the -1 pair of boots "Faesho Cexe" (worn) {rN++ Str+2}
   (You acquired it on level 5 of the Lair of Beasts)

   Str+2:     It affects your strength (+2).
   rN++:      It greatly protects you from negative energy.
Jewellery
 b - an amulet of regeneration (around neck)
 j - a +5 ring of evasion (left hand)
 r - a ring of willpower
 t - a ring of protection from cold (right hand)
 z - the ring "Asemp" {rN+ AC+4}
   (You found it in a Gauntlet)

   [ring of protection]

   AC+4:      It affects your AC (+4).
   rN+:       It protects you from negative energy.
 K - the amulet "Vyenyf" {Spirit ^Fragile Regen+ Str+4}
   (You found it in a Gauntlet)

   [amulet of guardian spirit]

   Spirit:    It causes incoming damage to be divided between your reserves of
   health and magic.
   Str+4:     It affects your strength (+4).
   Regen+:    It increases your rate of health regeneration.
   ^Fragile:  It will be destroyed if unequipped.
 T - the ring "Jizogapn" {Fly rF+ Int+2}
   (You found it on level 5 of the Lair of Beasts)

   [ring of flight]

   Int+2:     It affects your intelligence (+2).
   rF+:       It protects you from fire.
   Fly:       It grants you flight.
 V - a ring of poison resistance
Wands
 u - a wand of paralysis (26)
 x - a wand of flame (98)
 H - a wand of quicksilver (16)
 R - a wand of mindburst (31)
 Y - a wand of roots (11)
Scrolls
 e - 4 scrolls of silence
 k - 2 scrolls of immolation
 m - 10 scrolls of fear
 n - 5 scrolls of poison
 v - a scroll of revelation
 D - 3 scrolls of noise
 F - 4 scrolls of summoning
 L - 4 scrolls of vulnerability
 N - 2 scrolls of fog
 O - a scroll of identify
 P - 2 scrolls of enchant armour
 U - 2 scrolls of amnesia
Potions
 d - 3 potions of might
 h - 5 potions of mutation
 o - 4 potions of attraction
 p - a potion of degeneration {unknown}
 s - 6 potions of haste
 w - 5 potions of curing
 A - 2 potions of invisibility {unknown}
 B - 2 potions of resistance {unknown}
 C - 6 potions of heal wounds
 E - 3 potions of cancellation {unknown}
 G - 2 potions of magic {unknown}
 M - 3 potions of enlightenment
 S - 2 potions of berserk rage {unknown}
 W - 4 potions of brilliance {unknown}
Miscellaneous
 a - a phantom mirror


   Skills:
 + Level 15.5 Fighting
 - Level 14.0 Maces & Flails
 + Level 4.6 Throwing
 - Level 12.0 Armour
 + Level 8.2 Dodging
 - Level 5.0 Shields
 + Level 9.2 Invocations


You had 14 spell levels left.
You didn't know any spells.
Your spell library contained the following spells:

 Spells                   Type           Power      Damage    Failure   Level
 Foxfire                  Conj/Fire      0%         2x1d4     50%         1
 Magic Dart               Conj           0%         1d3       50%         1
 Call Imp                 Summ           0%         N/A       65%         2
 Lesser Beckoning         Tloc           0%         N/A       65%         2
 Momentum Strike          Conj/Tloc      0%         3d8       65%         2
 Searing Ray              Conj           0%         2d4       65%         2
 Static Discharge         Conj/Air       0%         3-3/arc   65%         2
 Call Canine Familiar     Summ           0%         N/A       86%         3
 Frozen Ramparts          Ice            0%         1d1       86%         3
 Ozocubu's Armour         Ice            0%         N/A       86%         3
 Sigil of Binding         Hex            0%         N/A       86%         3
 Summon Ice Beast         Ice/Summ       0%         N/A       86%         3
 Teleport Other           Tloc           0%         N/A       86%         3
 Tukima's Dance           Hex            0%         N/A       86%         3
 Volatile Blastmotes      Fire/Tloc      0%         2d10      86%         3
 Airstrike                Air            0%         2d(0-16)  99%         4
 Dimensional Bullseye     Hex/Tloc       0%         N/A       99%         4
 Fulminant Prism          Conj/Alch      0%         3d5       99%         4
 Iskenderun's Mystic Bla Conj/Tloc 0%             2d3        (+2d1     99%         4
 Passage of Golubria      Tloc           0%         N/A       99%         4
 Summon Lightning Spire   Summ/Air       0%         N/A       99%         4
 Metabolic Englaciation   Hex/Ice        0%         N/A       100%        5
 Summon Mana Viper        Hex/Summ       0%         N/A       100%        5
 Yara's Violent Unravell  Hex/Alch       0%         3d3       100%        5
 Dispersal                Tloc           0%         N/A       100%        6
 Gell's Gavotte           Tloc           0%         2d(11-16) 100%        6
 Plasma Beam              Fire/Air       0%         2x1d10    100%        6
 Starburst                Conj/Fire      0%         6d3       100%        6
 Monstrous Menagerie      Summ           0%         N/A       100%        7
 Blink                    Tloc           Unusable   N/A       N/A         2

Dungeon Overview and Level Annotations

Branches:
Dungeon (13/15)            Temple (1/1) D:5            Lair (5/5) D:9
  Swamp (0/4) Lair:3        Snake (0/4) Lair:3        Slime (0/5) Lair:4
    Orc (1/2) D:10        Ossuary (visited)           IceCv (visited)
Gauntlet (visited)
 Vaults: D:13-14

Altars:
Ashenzari
Cheibriados
Dithmenos
Elyvilon
Fedhas
Gozag
Hepliaklqana
Kikubaaqudgha
Makhleb
Nemelex Xobeh
Okawaru
Qazlal
Ru
Sif Muna
Trog
Uskayaw
Vehumet
Wu Jian
Xom
Yredelemnul
Zin
The Shining One
Jiyva

Shops:
D:5 *   D:7 !

Annotations:
D:7 1 runed translucent door, topfpfpflanze's ghost, novice OpEE
D:10 1 runed translucent door


Innate Abilities, Weirdness & Mutations

You cannot be hasted, slowed, berserked, paralysed or teleported.
You can dig through walls and to a lower floor.
You have a pair of large antennae on your head. (SInv)
Your four strong arms can wield two-handed weapons with a shield.


Message History

You now have 562 gold pieces (gained 9).
Things that are here:
a +0 short sword; a +0 chain mail You now have 575 gold pieces (gained 13).
You now have 583 gold pieces (gained 8).
You now have 616 gold pieces (gained 33).
You now have 634 gold pieces (gained 18).
You now have 649 gold pieces (gained 15).
You now have 677 gold pieces (gained 28).
You now have 696 gold pieces (gained 19).
You now have 722 gold pieces (gained 26).
You now have 741 gold pieces (gained 19).
You now have 752 gold pieces (gained 11).
You now have 764 gold pieces (gained 12).
An ettin comes into view.
It is wielding a +3 heavy dire flail and a +1 dire flail of protection.
The ettin shouts in stereo!
Found 20 gold pieces.
You bludgeon the ettin!! You burn the ettin.
The ettin is filled with an inner flame.
The ettin is heavily wounded.
The ettin hits you with a +3 heavy dire flail!!
The ettin hits you with a +1 dire flail of protection!!
You hit the ettin but do no damage.
The ettin is heavily wounded.
The ettin hits you with a +3 heavy dire flail!!
The ettin hits you with a +1 dire flail of protection!!
* * * LOW HITPOINT WARNING * * *
You barely miss the ettin.
The ettin is heavily wounded.
You feel much better.
The ettin hits you with a +3 heavy dire flail!!
* * * LOW HITPOINT WARNING * * *
The ettin misses you.
Activating: Sanctuary (22% risk of failure)
Press: ? - help, Dir - look around, f - activate You can't see that place. [the floor.]
You fail to use your ability.
The ettin hits you with a +3 heavy dire flail!!
You die...

##........# ##
##.#......## #..
#..........# ##.# ###
###...........
#...###.###.#...#......#
.....#...#...#.#........
.$......###.............
.........#............#.
......C@..............##
.......................#
......................#.
##.............#........
#.............##........
#.......................
..........#....#........
#.#......###............
..........#.......##....


You could see an ettin (inner flame).

Vanquished Creatures
  Gastronok (D:12)
  An eleionoma (Lair:3)
  A dire elephant (Lair:5)
  A minotaur (Gauntlet)
  A hydra (D:13)
  A ghost crab (Gauntlet)
  2 catoblepae (Lair:5)
  2 boulder beetles
  2 two-headed ogres
  A deep troll shaman (Lair:5)
  3 death yaks (Lair:5)
  Urug (Lair:2)
  A skyshark (Lair:4)
  A fire crab (Lair:3)
  A lindwurm (Lair:5)
  3 ugly things
  An obsidian bat (Orc:1)
  2 cyclopes
  3 black mambas
  A torpor snail (Lair:5)
  9 elephants
  2 gargoyles
  13 cane toads
  3 ice statues (IceCv)
  A smoke demon (Gauntlet)
  5 rime drakes
  A rime drake (shapeshifter) (D:13)
  2 freezing wraiths
  Maggie (D:7)
  5 komodo dragons
  An efreet (D:13)
  A red devil (Gauntlet)
  4 polar bears
  3 trolls
  25 blink frogs
  5 wyverns
  27 yaks
  3 shadows
  Grum (D:8)
  2 wraiths
  A dire elephant simulacrum (IceCv)
  6 basilisks
  8 vampire mosquitoes
  3 wargs
  2 chaos spawn (Gauntlet)
  A neqoxec (Gauntlet)
  A harpy simulacrum (IceCv)
  2 nagas (Lair:3)
  3 death yak simulacra (IceCv)
  2 acid dragons (D:8)
  Edmund (D:4)
  A hydra simulacrum (IceCv)
  13 water moccasins
  A sky beast (D:8)
  10 orc warriors
  5 black bears
  An ice beast (D:6)
  6 centaurs
  19 wolves
  A phantom (D:6)
  2 kobold brigands (D:9)
  14 bullfrogs
  13 scorpions
  3 wights (D:7)
  A burial acolyte (D:5)
  An elephant simulacrum (IceCv)
  12 killer bees
  7 howler monkeys
  10 electric eels
  3 crimson imps (Gauntlet)
  A jelly (D:5)
  A centaur zombie (Ossuary)
  A bombardier beetle (D:3)
  5 hounds
  5 orc priests
  Crazy Yiuf (D:6)
  2 iguanas (D:5)
  6 scorpion zombies (Ossuary)
  15 orc wizards
  7 hell rats (Lair:5)
  A polar bear simulacrum (IceCv)
  3 mummies (Ossuary)
  3 adders
  17 gnolls
  A white imp (D:8)
  7 adder zombies
  4 dart slugs
  35 orcs
  6 bats
  9 endoplasms
  8 giant cockroaches
  2 gnoll zombies (Ossuary)
  40 goblins
  29 hobgoblins
  3 quokkas
  2 ball pythons
  2 ball python zombies (Ossuary)
  3 frilled lizards (D:1)
  A jackal zombie (Ossuary)
  18 kobolds
  4 rats
539 creatures vanquished.

Notes
Turn   | Place    | Note
-------+----------+-------------------------------------------
     0 | D:1      | BuckBreaker the Formicid Fighter began the quest for the
                  | Orb.
     0 | D:1      | Reached XP level 1. HP: 18/18 MP: 1/1
    76 | D:1      | Reached XP level 2. HP: 23/24 MP: 2/2
   223 | D:1      | Reached XP level 3. HP: 29/29 MP: 3/3
   895 | D:2      | Reached XP level 4. HP: 37/37 MP: 4/4
  1463 | D:3      | Noticed a black bear
  1477 | D:3      | Killed a black bear
  1478 | D:3      | Reached skill level 4 in Fighting
  1478 | D:3      | Reached skill level 5 in Shields
  1478 | D:3      | Reached XP level 5. HP: 24/42 MP: 5/5
  1661 | D:3      | Reached XP level 6. HP: 41/48 MP: 6/6
  2493 | D:4      | Noticed Edmund
  2527 | D:4      | Killed Edmund
  2528 | D:4      | Reached skill level 5 in Maces & Flails
  2528 | D:4      | Reached XP level 7. HP: 37/55 MP: 7/7
  2564 | D:4      | Reached skill level 5 in Armour
  2874 | D:4      | Reached skill level 5 in Fighting
  3111 | D:4      | Found a sacrificial altar of Ru.
  3347 | D:5      | Entered Level 5 of the Dungeon
  3347 | D:5      | Found Nutira's General Store.
  3671 | D:5      | Reached XP level 8. HP: 60/63 MP: 8/8
  3878 | D:5      | Found a staircase to the Ecumenical Temple.
  3892 | Temple   | Entered the Ecumenical Temple
  3897 | Temple   | Became a worshipper of Zin the Law-Giver
  3897 | Temple   | Reached * piety under Zin
  3897 | Temple   | Reached ** piety under Zin
  4197 | D:5      | Reached skill level 6 in Fighting
  4247 | D:5      | Found an ancient bone altar of Kikubaaqudgha.
  4507 | D:6      | Found an opulent altar of Gozag.
  4682 | D:6      | Reached XP level 9. HP: 59/71 MP: 9/9
  5248 | D:6      | Found a runed translucent door.
  5249 | D:6      | Noticed Crazy Yiuf
  5259 | D:6      | Killed Crazy Yiuf
  5453 | D:7      | Reached skill level 7 in Fighting
  5581 | D:7      | Found a sand-covered staircase.
  5596 | Ossuary  | Entered an ossuary
  5823 | Ossuary  | Reached *** piety under Zin
  6098 | D:7      | Found a runed translucent door.
  6121 | D:7      | Reached XP level 10. HP: 50/80 MP: 10/10
  6295 | D:7      | Noticed Maggie
  6301 | D:7      | Killed Maggie
  6302 | D:7      | Reached skill level 1 in Invocations
  6401 | D:7      | Reached skill level 8 in Fighting
  6419 | D:7      | Found Kehetat's Distillery.
  6697 | D:7      | Noticed topfpfpflanze's ghost (novice OpEE)
  6854 | D:8      | Reached skill level 10 in Maces & Flails
  7360 | D:8      | Noticed Grum
  7582 | D:8      | Killed Grum
  8488 | D:9      | Found a staircase to the Lair.
  8753 | D:9      | Found a stormy altar of Qazlal.
  9042 | D:9      | Reached XP level 11. HP: 87/87 MP: 14/14
  9161 | D:9      | Reached skill level 9 in Fighting
  9418 | D:9      | Reached **** piety under Zin
  9730 | D:10     | Entered Level 10 of the Dungeon
  9772 | D:10     | Found a white marble altar of Elyvilon.
  9962 | D:10     | Reached skill level 5 in Invocations
 10145 | D:10     | Found a runed translucent door.
 10148 | D:10     | Found a basalt altar of Yredelemnul.
 10409 | D:10     | Found a staircase to the Orcish Mines.
 10565 | D:10     | Noticed a two-headed ogre
 10591 | D:10     | Killed a two-headed ogre
 10922 | D:10     | Found a bloodstained altar of Trog.
 11233 | D:11     | Noticed a boulder beetle
 11260 | D:11     | Killed a boulder beetle
 11457 | D:11     | Reached skill level 10 in Armour
 11715 | D:11     | Reached ***** piety under Zin
 11829 | D:11     | Noticed a two-headed ogre
 11840 | D:11     | Killed a two-headed ogre
 11841 | D:11     | Reached skill level 10 in Fighting
 11841 | D:11     | Reached XP level 12. HP: 93/97 MP: 15/17
 12314 | D:12     | Noticed Gastronok
 12335 | D:12     | Killed Gastronok
 12474 | D:12     | Identified the +3 whip of the Feather {flame, ^Fragile
                  | rPois Int+3 Dex+2}
 13574 | D:13     | Noticed a boulder beetle
 13606 | D:12     | HP: 4/99 [boulder beetle (25)]
 13890 | D:12     | Killed a boulder beetle
 14120 | D:13     | Noticed a centaur warrior
 14784 | D:5      | Bought the +7 great mace "Firestarter" {flame, immolate,
                  | rFlCloud rF++} for 783 gold pieces
 14784 | D:5      | Found the +7 great mace "Firestarter" {flame, immolate,
                  | rFlCloud rF++}
 14883 | Lair:1   | Entered Level 1 of the Lair of Beasts
 14888 | Lair:1   | Reached skill level 11 in Fighting
 14888 | Lair:1   | Reached skill level 1 in Dodging
 15703 | D:13     | Reached XP level 13. HP: 96/106 MP: 18/18
 15713 | D:13     | Noticed a seven-headed hydra
 15724 | D:13     | Killed a seven-headed hydra
 15889 | D:13     | Noticed a seven-headed hydra
 16155 | D:13     | Noticed a centaur warrior
 16505 | Lair:1   | Reached skill level 12 in Fighting
 17222 | Lair:2   | Found a gate leading to a gauntlet.
 17236 | Gauntlet | Entered a Gauntlet
 17236 | Gauntlet | Found a transporter.
 17236 | Gauntlet | Found a transporter.
 17369 | Gauntlet | Found a transporter.
 17370 | Gauntlet | Found a transporter.
 17372 | Gauntlet | Found a transporter.
 17411 | Gauntlet | Found a transporter.
 17413 | Gauntlet | Found a transporter.
 17413 | Gauntlet | Found a transporter.
 17426 | Gauntlet | Found a transporter.
 17441 | Gauntlet | Found a transporter.
 17448 | Gauntlet | Noticed a ghost crab
 17451 | Gauntlet | Found a transporter.
 17465 | Gauntlet | Found a transporter.
 17480 | Gauntlet | Found the +1 cloak of Starlight {*Dazzle EV+4 Stlth--}
 17485 | Gauntlet | Found a transporter.
 17493 | Gauntlet | Found a runed translucent door.
 17493 | Gauntlet | Found a runed translucent door.
 17497 | Gauntlet | Found a transporter.
 17548 | Gauntlet | Reached skill level 5 in Dodging
 17799 | Gauntlet | Killed a ghost crab
 17804 | Gauntlet | Identified the ring "Asemp" {rN+ AC+4}
 17811 | Gauntlet | Identified the amulet "Vyenyf" {Spirit ^Fragile Regen+
                  | Str+4}
 17955 | Gauntlet | Identified the +6 short sword "Cigy" {protect, rCorr Int+3}
 17955 | Gauntlet | Noticed a minotaur
 17960 | Gauntlet | Killed a minotaur
 18066 | Lair:2   | Identified the +6 short sword of Gloom {antimagic, rPois
                  | rN+ Will+ Dex-2}
 18101 | Lair:2   | Reached ****** piety under Zin
 18151 | Lair:2   | Noticed Urug
 18377 | Lair:2   | Killed Urug
 18807 | Lair:2   | Reached skill level 13 in Fighting
 19279 | Lair:3   | Found a frozen archway.
 19296 | IceCv    | Entered an ice cave
 19562 | Lair:3   | Found a staircase to the Snake Pit.
 19578 | Lair:3   | Reached XP level 14. HP: 23/119 MP: 19/19
 19697 | Lair:3   | Found a staircase to the Swamp.
 19697 | Lair:3   | Noticed an eleionoma
 19705 | Lair:3   | Killed an eleionoma
 19853 | Lair:3   | Reached skill level 14 in Fighting
 20852 | Lair:4   | Found a viscous altar of Jiyva.
 20852 | Lair:4   | Found a staircase to the Slime Pits.
 21059 | Lair:4   | Reached skill level 1 in Throwing
 21376 | Lair:5   | Entered Level 5 of the Lair of Beasts
 21729 | Lair:5   | Noticed a dire elephant
 21760 | Lair:5   | Killed a dire elephant
 21871 | Lair:5   | Identified the +9 sling of Drought {freeze, Dex+5}
 21872 | Lair:5   | Identified the ring "Jizogapn" {Fly rF+ Int+2}
 21884 | Lair:5   | Identified 2 scrolls of acquirement
 21885 | Lair:5   | Acquired the -1 pair of boots "Faesho Cexe" {rN++ Str+2}
 21897 | Lair:5   | Acquired a manual of Fighting
 21990 | Lair:5   | Identified the +0 robe "Ikimi" {*Corrode rF+++ Str+3 Dex+3}
 21996 | Lair:5   | Reached skill level 15 in Fighting
 22095 | Lair:5   | Reached XP level 15. HP: 84/129 MP: 21/21
 22715 | Orc:1    | Entered Level 1 of the Orcish Mines
 22966 | Orc:1    | HP: 6/129 [ettin/+3 heavy dire flail (27)]
 22967 | Orc:1    | Demolished by an ettin

Illustrated notes

Levels and vault maps discovered:
D:1:      dpeg_arrival_prison, layout_loops_cross, st_stairs_5
D:2:      layout_loops_ring, st_stairs_14, minmay_tripent
D:3:      cheibrodos_greedy_goblins, layout_basic, kennysheep_flooded_box
D:4:      minmay_goblin_kobold_castle, layout_rooms,
          lemuel_coloured_pillars_altar, uniq_edmund
D:5:      layout_rooms, lemuel_zombie_altar_kikubaaqudgha,
          minmay_temple_entry_statues, serial_shops,
          nicolae_shop_just_a_little_nook, serial_co_window_serial,
          co_window_paths_a, co_window_of_opportunity_a, co_window_paths_b,
          co_window_corner_a, co_window_paths_a, co_window_corner_ca,
          co_window_corner_b, co_window_unsneaky_path_e, co_window_broadway_b,
          co_window_cross_4, glass_columns_a, glass_columns_a, glass_columns_a,
          dreamdust_wishing_well
D:6:      layout_loops_ring, mainiacjoe_overflow_small_starburst,
          uniq_crazy_yiuf_cottage
D:7:      layout_basic, serial_shops, nicolae_shop_hallway_plus,
          enter_ossuary_2, ebering_ghost_reflecting_pool,
          grunt_decor_one_mirror, uniq_maggie
D:8:      layout_cave_pods, uniq_grum
D:9:      cheibrodos_two_vegetables, layout_cave_pools,
          mainiacjoe_overflow_tiny_flanked, erik_lair_orcish_takeover
D:10:     layout_loops_ring, dk_yredelemnul_ordeal, lightli_temple_of_fire,
          elyvilon_altar_1, david_orc_1_choice
D:11:     layout_basic, minivault_26
D:12:     layout_loops_ring, uniq_gastronok
D:13:     layout_long_grid
Temple:   minmay_freezing_vapour_temple
Lair:1:   layout_hall_layers, pdpol_lair_neglected_garden
Lair:2:   layout_cave_pods, gauntlet_entry_generic, serial_bayou_shore_b,
          grunt_megastairs_1, infiniplex_staircase_pool, uniq_urug
Lair:3:   layout_roguey, alex1729_swamp_entry_worm_eleionoma,
          guppyfry_snake_entry_garden, portal_ice_cave_rime, patterned_corridor,
          grunt_megastairs_3
Lair:4:   layout_loops_ring, slime_entry_1, serial_rivers,
          chequers_serial_rivers_large_b, chequers_serial_rivers_micro_d,
          chequers_serial_rivers_room_a, chequers_serial_rivers_small_a,
          cheibrodos_lair_caveside_slide, serial_bayou_shore_b
Lair:5:   grunt_lair_end_beastmaster, layout_loops_ring,
          nicolae_quartered_pool_super
Orc:1:    layout_caves, nicolae_orc_all_along_the_watchtower

Skill      XL: |  1  2  3  4  5  6  7  8  9 10 11 12 13 14 15 |
---------------+----------------------------------------------+-----
Fighting       | 4 5 6 7 8 10 11 13 15 | 15.5
Maces & Flails | 3 5 6 7 9 10 12 13 14 | 14.0
Armour         | 4 5 6 7 9 10 11 12 | 12.0
Shields        | 5 |  5.0
Invocations    | 4 6 7 8 9 |  9.2
Dodging        | 2 7 8 |  8.2
Throwing       | 4 |  4.6

Action                     |  1- 3 |  4- 6 |  7- 9 | 10-12 | 13-15 || total
---------------------------+-------+-------+-------+-------+-------++-------
  Melee: Flail             |    78 |   169 |   481 |   618 |       ||  1346
         Whip              |       |       |       |   184 |       ||   184
         Great mace        |       |       |       |    31 |   423 ||   454
  Throw: Javelin           |       |     5 |       |       |       ||     5
         Dart              |       |       |       |    30 |     2 ||    32
 Invoke: Recite            |       |       |       |     3 |       ||     3
  Evoke: Wand              |       |       |       |    15 |     3 ||    18
    Use: Scroll            |     2 |     2 |     6 |     4 |     8 ||    22
         Potion            |       |     1 |       |     2 |     2 ||     5
   Stab: Paralysed         |       |       |       |     4 |       ||     4
         Sleeping          |       |       |       |     1 |       ||     1
         Invisible         |       |       |       |       |     7 ||     7
 Armour: Scale mail        |    42 |   112 |   226 |     2 |       ||   382
         Steam dragon scal |       |       |       |   498 |   250 ||   748
         Skin              |       |       |       |       |     2 ||     2
         Troll leather arm |       |       |       |       |    46 ||    46
  Dodge: Dodged            |    31 |   166 |   270 |   585 |   366 ||  1418
  Block: Buckler           |    15 |    45 |   120 |   209 |    98 ||   487

Table legend: (Time is in decaauts)
 A = Elapsed time spent in this place.
 B = Non-inter-level travel time spent in this place.
 C = Inter-level travel time spent in this place.
 D = Time resting spent in this place.
 E = Time spent auto-exploring this place.
 F = Levels seen in this place.
 G = Mean time per level.
                   A        B        C        D        E       F      G
               +--------+--------+--------+--------+--------+-----+--------+
         Total |  23006 |  21720 |   1286 |   4135 |  11980 |  23 | 1000.3 |
       Dungeon |  15244 |  14143 |   1101 |   2553 |   8005 |  13 | 1172.6 |
        Temple |     12 |     12 |      0 |      0 |      0 |   1 |   12.0 |
          Lair |   6074 |   5889 |    185 |   1051 |   3569 |   5 | 1214.8 |
  Orcish Mines |    252 |    252 |      0 |      0 |    205 |   1 |  252.0 |
       Ossuary |    472 |    472 |      0 |     69 |     73 |   1 |  472.0 |
      Ice Cave |    198 |    198 |      0 |     41 |     29 |   1 |  198.0 |
      Gauntlet |    752 |    752 |      0 |    421 |     98 |   1 |  752.0 |
               +--------+--------+--------+--------+--------+-----+--------+

Top non-repeatable levels by time:
    D:12: 1848 daAuts
     D:8: 1672 daAuts
    D:11: 1629 daAuts
  Lair:1: 1569 daAuts
    D:10: 1401 daAuts
     D:9: 1321 daAuts
  Lair:2: 1276 daAuts
     D:5: 1226 daAuts
     D:4: 1106 daAuts
  Lair:5: 1102 daAuts
  Lair:3: 1087 daAuts
     D:6: 1062 daAuts
  Lair:4: 1038 daAuts
     D:7: 901 daAuts
     D:1: 854 daAuts
